UAA
COLORADO SPRINGS VELOCITY @ MYRTLE BEACH MERMEN
08/20/2018
 
TOP OF THE 1ST
Colorado Springs Velocity batting - Pitching for Myrtle Beach Mermen : RHP Bob Cook
Pitching: RHP Bob Cook
Batting: SHB Tom Palmer 0-0: Swinging Strike
0-1: Called Strike
0-2: Foul Ball, location: 2F
0-2: Ball
1-2: Ball
2-2: Ball
3-2: Foul Ball, location: 2F
3-2: Base on Balls
Batting: SHB Jack Bell 0-0: TRIPLE (Flyball, 89XD)
Tom Palmer scores
Batting: RHB Dave Waller 0-0: Swinging Strike
0-1: Reached on error, E3 (Groundball, 34S)
Jack Bell scores
Batting: RHB Brian King 0-0: Foul Ball, location: 2F
0-1: Ball
1-1: Foul Ball, location: 2F
1-2: Strikes out swinging
Batting: RHB Ralph Johnson 0-0: Ball
1-0: Foul Ball, location: 2F
1-1: Ball
2-1: DOUBLE (Flyball, 89M)
Dave Waller to third
Batting: RHB Eric Randolph 0-0: Foul Ball, location: 2F
0-1: Fly out, F9 (Flyball, 89M)
Runner from 3rd tags up, SCORES, no throw
Batting: RHB Pablo Márquez 0-0: Ball
1-0: Called Strike
1-1: Foul Ball, location: 2F
1-2: Ball
2-2: Ball
3-2: Ground out U3 (Groundball, 3)
Top of the 1st over - 3 run(s), 2 hit(s), 1 error(s), 1 left on base; Colorado Springs 3 - Myrtle Beach 0
BOTTOM OF THE 1ST
Myrtle Beach Mermen batting - Pitching for Colorado Springs Velocity : LHP John Hamilton
Pitching: LHP John Hamilton
Batting: RHB José Caballero 0-0: Ball
1-0: Ball
2-0: Swinging Strike
2-1: Fly out, F7 (Popup, 6D)
Batting: SHB David Vázquez 0-0: Ground out 5-3 (Groundball, 56)
Batting: RHB Álex Rodríguez 0-0: Fly out, F4 (Popup, 4M)
Bottom of the 1st over - 0 run(s), 0 hit(s), 0 error(s), 0 left on base; Colorado Springs 3 - Myrtle Beach 0
TOP OF THE 2ND
Colorado Springs Velocity batting - Pitching for Myrtle Beach Mermen : RHP Bob Cook
Batting: RHB Dan Hart 0-0: Ball
1-0: Foul Ball, location: 2F
1-1: SINGLE (Line Drive, 89M)
Batting: RHB Randy Tucker 0-0: Ball
1-0: SINGLE (Line Drive, 78M)
Dan Hart to second
Batting: SHB Tom Palmer 0-0: Called Strike
0-1: Ball
Reached via error on a dropped throw, E6
Dan Hart to third
Randy Tucker to second
Batting: SHB Jack Bell 0-0: Ball
1-0: Foul Ball, location: 2F
1-1: Swinging Strike
1-2: Ball
2-2: Foul Ball, location: 2F
2-2: Ball
3-2: Base on Balls
Dan Hart scores
Randy Tucker to third
Tom Palmer to second
Batting: RHB Dave Waller 0-0: Called Strike
0-1: DOUBLE (Flyball, 89XD)
Randy Tucker scores
Tom Palmer scores
Jack Bell to third
Pitching: LHP Russ Garman
Batting: RHB Brian King 0-0: Ball
1-0: Swinging Strike
1-1: Ball
2-1: Called Strike
2-2: Fly out, F3 (Popup, 3SF)
Batting: RHB Ralph Johnson 0-0: SINGLE (Line Drive, 56)
Jack Bell scores
Dave Waller to third
Runner from 3rd tries for Home, SAFE, throw made home
Ralph Johnson to second
Batting: RHB Eric Randolph 0-0: DOUBLE (Groundball, 3L)
Ralph Johnson scores
Batting: RHB Pablo Márquez 0-0: Ball
1-0: Ball
2-0: Swinging Strike
2-1: Ball
3-1: Swinging Strike
3-2: Foul Ball, location: 2F
3-2: Strikes out swinging
Batting: RHB Dan Hart 0-0: Foul Ball, location: 2F
0-1: Ball
1-1: Ball
2-1: Ball
3-1: Fly out, F9 (Flyball, 89M)
Top of the 2nd over - 6 run(s), 5 hit(s), 1 error(s), 1 left on base; Colorado Springs 9 - Myrtle Beach 0
BOTTOM OF THE 2ND
Myrtle Beach Mermen batting - Pitching for Colorado Springs Velocity : LHP John Hamilton
Batting: RHB Sal Haynes 0-0: Called Strike
0-1: Ball
1-1: Ball
2-1: Foul Ball, location: 2F
2-2: Ground out 6-3 (Groundball, 6M)
Batting: SHB Avery Little 0-0: Fly out, F9 (Flyball, 9M)
Batting: RHB Mike Fleming 0-0: Ball
1-0: Foul Ball, location: 2F
1-1: Foul Ball, location: 2F
1-2: Foul Ball, location: 2F
1-2: SINGLE (Line Drive, 9S)
Batting: RHB Javier Robles 0-0: Ball
1-0: Ball
2-0: Called Strike
2-1: Foul Ball, location: 2F
2-2: Fielders Choice at 2nd, 5-4 (Groundball, 56)
Bottom of the 2nd over - 0 run(s), 1 hit(s), 0 error(s), 0 left on base; Colorado Springs 9 - Myrtle Beach 0
TOP OF THE 3RD
Colorado Springs Velocity batting - Pitching for Myrtle Beach Mermen : LHP Russ Garman
Batting: RHB Randy Tucker 0-0: Ball
1-0: Ball
2-0: Foul Ball, location: 2F
2-1: Foul Ball, location: 2F
2-2: Strikes out looking
Batting: SHB Tom Palmer 0-0: Foul Ball, location: 2F
0-1: Ball
1-1: Called Strike
1-2: Strikes out swinging
Batting: SHB Jack Bell 0-0: Ball
1-0: Called Strike
1-1: SINGLE (Groundball, 6M)
Batting: RHB Dave Waller 0-0: Ball
Wild Pitch!
Jack Bell to second
1-0: Foul Ball, location: 2F
1-1: Ball
2-1: Foul Ball, location: 2F
2-2: Ball
3-2: SINGLE (Line Drive, 6MD)
Jack Bell to third
Jack Bell scores
Batting: RHB Brian King 0-0: Ball
1-0: Foul Ball, location: 2F
1-1: Ball
2-1: Foul Ball, location: 2F
2-2: DOUBLE (Line Drive, 89S)
Dave Waller to third
Runner from 3rd tries for Home, SAFE, no throw or cutoff
Batting: RHB Ralph Johnson 0-0: Ball
1-0: Ball
2-0: Ball
3-0: Called Strike
3-1: Foul Ball, location: 2F
3-2: Strikes out swinging
Top of the 3rd over - 2 run(s), 3 hit(s), 0 error(s), 1 left on base; Colorado Springs 11 - Myrtle Beach 0
BOTTOM OF THE 3RD
Myrtle Beach Mermen batting - Pitching for Colorado Springs Velocity : LHP John Hamilton
Batting: LHB Eddie Flynn 0-0: Ball
1-0: Swinging Strike
1-1: Ball
2-1: Ball
3-1: Ground out 6-3 (Groundball, 6M)
Batting: RHB Ángelo Saldaña 0-0: Called Strike
0-1: Ball
1-1: SINGLE (Line Drive, 7S)
Batting: RHB José Caballero 0-0: Ball
1-0: Foul Ball, location: 2F
1-1: Fielders Choice at 2nd, 4-6 (Groundball, 4)
Batting: SHB David Vázquez 0-0: Ball
1-0: Called Strike
1-1: Ball
2-1: SINGLE (Groundball, 4M)
José Caballero to second
Batting: RHB Álex Rodríguez 0-0: Ball
1-0: Fly out, F8 (Flyball, 8RM)
Bottom of the 3rd over - 0 run(s), 2 hit(s), 0 error(s), 2 left on base; Colorado Springs 11 - Myrtle Beach 0
TOP OF THE 4TH
Colorado Springs Velocity batting - Pitching for Myrtle Beach Mermen : LHP Russ Garman
Pitching: LHP Jason Puckett
Batting: RHB Eric Randolph 0-0: Foul Ball, location: 2F
0-1: Called Strike
0-2: Ground out 4-3 (Groundball, 13)
Batting: RHB Pablo Márquez 0-0: Foul Ball, location: 2F
0-1: Called Strike
0-2: Ball
1-2: Strikes out looking
Batting: RHB Dan Hart 0-0: Ball
1-0: Ball
2-0: Ball
3-0: Called Strike
3-1: Foul Ball, location: 2F
3-2: DOUBLE (Line Drive, 78M)
Batting: RHB Randy Tucker 0-0: Foul Ball, location: 2F
0-1: Called Strike
0-2: Ball
1-2: Strikes out swinging
Top of the 4th over - 0 run(s), 1 hit(s), 0 error(s), 1 left on base; Colorado Springs 11 - Myrtle Beach 0
BOTTOM OF THE 4TH
Myrtle Beach Mermen batting - Pitching for Colorado Springs Velocity : LHP John Hamilton
Batting: RHB Sal Haynes 0-0: Ball
1-0: Ball
2-0: Called Strike
2-1: Ball
3-1: Base on Balls
Batting: SHB Avery Little 0-0: Called Strike
0-1: SINGLE (Groundball, 4MD)
Sal Haynes to second
Batting: RHB Mike Fleming 0-0: Called Strike
0-1: Ball
1-1: Grounds into double play, U5-3 (Groundball, 5L)
Avery Little to second
Batting: RHB Javier Robles 0-0: Ball
1-0: Called Strike
1-1: Foul Ball, location: 2F
1-2: Strikes out looking
Bottom of the 4th over - 0 run(s), 1 hit(s), 0 error(s), 1 left on base; Colorado Springs 11 - Myrtle Beach 0
TOP OF THE 5TH
Colorado Springs Velocity batting - Pitching for Myrtle Beach Mermen : LHP Jason Puckett
Batting: SHB Tom Palmer 0-0: Ball
1-0: Swinging Strike
1-1: SINGLE (Groundball, 56D) (infield hit)
Batting: SHB Jack Bell 0-0: Called Strike
0-1: Fly out, F8 (Line Drive, 8RS)
Batting: RHB Dave Waller 0-0: Grounds into double play, 6-4-3 (Groundball, 6M)
Top of the 5th over - 0 run(s), 1 hit(s), 0 error(s), 0 left on base; Colorado Springs 11 - Myrtle Beach 0
BOTTOM OF THE 5TH
Myrtle Beach Mermen batting - Pitching for Colorado Springs Velocity : LHP John Hamilton
Batting: LHB Eddie Flynn 0-0: SINGLE (Line Drive, 9S)
Batting: RHB Ángelo Saldaña 0-0: Called Strike
0-1: Grounds into double play, 5-4-3 (Groundball, 56)
Batting: RHB José Caballero 0-0: Called Strike
0-1: Ball
1-1: Fly out, F7 (Line Drive, 78M)
Bottom of the 5th over - 0 run(s), 1 hit(s), 0 error(s), 0 left on base; Colorado Springs 11 - Myrtle Beach 0
TOP OF THE 6TH
Colorado Springs Velocity batting - Pitching for Myrtle Beach Mermen : LHP Jason Puckett
Batting: RHB Brian King 0-0: Ball
1-0: Swinging Strike
1-1: Swinging Strike
1-2: Fly out, F8 (Flyball, 89M)
Batting: RHB Ralph Johnson 0-0: Called Strike
0-1: Foul Ball, location: 2F
0-2: Foul Ball, location: 2F
0-2: Ball
1-2: Strikes out swinging
Batting: RHB Eric Randolph 0-0: Fly out, F8 (Flyball, 8RD)
Top of the 6th over - 0 run(s), 0 hit(s), 0 error(s), 0 left on base; Colorado Springs 11 - Myrtle Beach 0
BOTTOM OF THE 6TH
Myrtle Beach Mermen batting - Pitching for Colorado Springs Velocity : LHP John Hamilton
Batting: SHB David Vázquez 0-0: Ball
1-0: Foul Ball, location: 2F
1-1: Ball
2-1: DOUBLE (Line Drive, 7LM)
Batting: RHB Álex Rodríguez 0-0: Ball
1-0: Hit by Pitch
Batting: RHB Sal Haynes 0-0: Ball
1-0: Ball
2-0: Ground out 2-3 (Groundball, 15S)
David Vázquez to third
Álex Rodríguez to second
Batting: SHB Avery Little 0-0: Ball
1-0: Ground out 6-3 (Groundball, 6)
David Vázquez scores
Batting: RHB Mike Fleming 0-0: Foul Ball, location: 2F
0-1: Ground out 4-3 (Groundball, 13)
Bottom of the 6th over - 1 run(s), 1 hit(s), 0 error(s), 1 left on base; Colorado Springs 11 - Myrtle Beach 1
TOP OF THE 7TH
Colorado Springs Velocity batting - Pitching for Myrtle Beach Mermen : LHP Jason Puckett
Pitching: LHP Dusty Muhidini
Batting: RHB Pablo Márquez 0-0: Ball
1-0: Ball
2-0: Ball
3-0: Base on Balls
Batting: RHB Dan Hart 0-0: Ball
1-0: Called Strike
1-1: Ball
2-1: Fly out, F9 (Flyball, 89M)
Batting: RHB Randy Tucker 0-0: Ball
1-0: Ball
2-0: SINGLE (Groundball, 56D) (infield hit)
Pablo Márquez to second
Batting: SHB Tom Palmer 0-0: Ball
1-0: Ball
2-0: Foul Ball, location: 2F
2-1: Ball
3-1: Base on Balls
Pablo Márquez to third
Randy Tucker to second
Batting: SHB Jack Bell 0-0: Called Strike
0-1: DOUBLE (Line Drive, 9LM)
Pablo Márquez scores
Randy Tucker scores
Tom Palmer to third
Runner from 3rd tries for Home, SAFE, no throw or cutoff
Pitching: RHP Manuel Carrión
Batting: RHB Dave Waller 0-0: Ball
1-0: Ball
2-0: Fly out, F6 (Line Drive, 6)
Batting: RHB Brian King 0-0: Foul Ball, location: 2F
0-1: Fly out, F9 (Line Drive, 89M)
Top of the 7th over - 3 run(s), 2 hit(s), 0 error(s), 1 left on base; Colorado Springs 14 - Myrtle Beach 1
BOTTOM OF THE 7TH
Myrtle Beach Mermen batting - Pitching for Colorado Springs Velocity : LHP John Hamilton
Batting: RHB Javier Robles 0-0: Called Strike
0-1: SINGLE (Groundball, 6MD) (infield hit)
Batting: LHB Eddie Flynn 0-0: Ball
1-0: Foul Ball, location: 2F
1-1: Called Strike
1-2: Strikes out looking
Batting: RHB Ángelo Saldaña 0-0: Swinging Strike
0-1: Ball
1-1: Fielders Choice at 2nd, 6-4 (Groundball, 6M)
Batting: RHB José Caballero 0-0: SINGLE (Flyball, 4MD)
Ángelo Saldaña to second
Runner from 2nd tries for 3rd, SAFE, throw made to third
José Caballero to second
Batting: SHB David Vázquez 0-0: Ball
1-0: Ball
2-0: Foul Ball, location: 2F
2-1: Foul Ball, location: 2F
2-2: Foul Ball, location: 2F
2-2: Hit by Pitch
Batting: RHB Álex Rodríguez 0-0: Ball
1-0: Fly out, F7 (Flyball, 7M)
Bottom of the 7th over - 0 run(s), 2 hit(s), 0 error(s), 3 left on base; Colorado Springs 14 - Myrtle Beach 1
TOP OF THE 8TH
Colorado Springs Velocity batting - Pitching for Myrtle Beach Mermen : RHP Manuel Carrión
Now at 1B: Joe Adams
Batting: RHB Ralph Johnson 0-0: Called Strike
0-1: Called Strike
0-2: Ball
1-2: Ball
2-2: Ball
3-2: Base on Balls
Batting: RHB Eric Randolph 0-0: Foul Ball, location: 2F
0-1: Foul Ball, location: 2F
0-2: Strikes out looking
Ralph Johnson steals 2nd base
Batter strikes out.
Batting: RHB Pablo Márquez 0-0: Swinging Strike
0-1: Foul Ball, location: 2F
0-2: Foul Ball, location: 2F
0-2: Ball
1-2: Ball
2-2: Ball
3-2: SINGLE (Groundball, 56D)
Ralph Johnson to third
Runner from 3rd tries for Home, SAFE, no throw or cutoff
Pinch Hitting: LHB Melvin Bauer 0-0: Called Strike
0-1: Ball
1-1: Swinging Strike
1-2: Strikes out swinging
Batting: RHB Randy Tucker 0-0: Foul Ball, location: 2F
0-1: Foul Ball, location: 2F
0-2: Ground out 5-3 (Groundball, 56S)
Top of the 8th over - 1 run(s), 1 hit(s), 0 error(s), 1 left on base; Colorado Springs 15 - Myrtle Beach 1
BOTTOM OF THE 8TH
Myrtle Beach Mermen batting - Pitching for Colorado Springs Velocity : LHP John Hamilton
Now at 1B: Melvin Bauer
Batting: RHB Sal Haynes 0-0: Ball
1-0: Called Strike
1-1: Swinging Strike
1-2: Foul Ball, location: 2F
1-2: Strikes out swinging
Batting: SHB Avery Little 0-0: Foul Ball, location: 2F
0-1: Ball
1-1: Swinging Strike
1-2: Ball
2-2: Ball
3-2: Ground out 5-3 (Groundball, 56)
Batting: RHB Mike Fleming 0-0: Ball
1-0: Ball
2-0: Called Strike
2-1: DOUBLE (Line Drive, 8LXD)
Pitching: RHP Jim Unknown
Batting: SHB Joe Adams 0-0: Ball
1-0: Called Strike
1-1: Called Strike
1-2: Ball
2-2: Ball
3-2: Base on Balls
Batting: LHB Eddie Flynn 0-0: Ball
1-0: Ball
2-0: Ball
3-0: Called Strike
3-1: Called Strike
3-2: Strikes out swinging
Bottom of the 8th over - 0 run(s), 1 hit(s), 0 error(s), 2 left on base; Colorado Springs 15 - Myrtle Beach 1
TOP OF THE 9TH
Colorado Springs Velocity batting - Pitching for Myrtle Beach Mermen : RHP Manuel Carrión
Batting: SHB Tom Palmer 0-0: Ball
1-0: Ball
2-0: Ground out 4-3 (Groundball, 4M)
Batting: SHB Jack Bell 0-0: Ball
1-0: Foul Ball, location: 2F
1-1: Ball
2-1: Ball
3-1: Foul Ball, location: 2F
3-2: Base on Balls
Batting: RHB Dave Waller 0-0: Ball
1-0: Called Strike
1-1: Swinging Strike
1-2: Strikes out looking
Batting: RHB Brian King 0-0: Ball
1-0: Ball
2-0: Called Strike
2-1: Ball
3-1: Fly out, F8 (Flyball, 8LM)
Top of the 9th over - 0 run(s), 0 hit(s), 0 error(s), 1 left on base; Colorado Springs 15 - Myrtle Beach 1
BOTTOM OF THE 9TH
Myrtle Beach Mermen batting - Pitching for Colorado Springs Velocity : RHP Jim Unknown
Batting: RHB Ángelo Saldaña 0-0: Ball
1-0: Ball
2-0: Foul Ball, location: 2F
2-1: Ball
3-1: Fly out, F7 (Line Drive, 78S)
Batting: RHB José Caballero 0-0: Ball
1-0: Called Strike
1-1: Swinging Strike
1-2: Ball
2-2: DOUBLE (Line Drive, 9LM)
Batting: SHB David Vázquez 0-0: Ball
1-0: Foul Ball, location: 2F
1-1: Ground out 4-3 (Groundball, 4S)
José Caballero to third
Batting: RHB Álex Rodríguez 0-0: Swinging Strike
0-1: Ball
1-1: Foul Ball, location: 2F
1-2: Ball
2-2: Ball
3-2: SINGLE (Line Drive, 6MD)
José Caballero scores
Batting: RHB Sal Haynes 0-0: Called Strike
0-1: Ball
1-1: Foul Ball, location: 2F
1-2: SINGLE (Line Drive, 89S)
Álex Rodríguez to second
Batting: SHB Avery Little 0-0: Called Strike
0-1: Ball
1-1: SINGLE (Groundball, 6MD)
Álex Rodríguez to third
Sal Haynes to second
Runner from 3rd tries for Home, SAFE, throw made at trailing runner, OUT at third!
Bottom of the 9th over - 2 run(s), 4 hit(s), 0 error(s), 1 left on base; Colorado Springs 15 - Myrtle Beach 3
This league is powered by Out of the Park Baseball, the baseball management simulation game for PC, Mac and Linux
Monday, May 4th, 2015 - OOTP Baseball 15.6 Build 34